Map: [ESL] Inside and Out

Players

SpeCial - Winner!

  • Race: Terran Terran
  • Spawn Location: 7:00

Kelazhur

  • Race: Terran Terran
  • Spawn Location: 1:00

Event: DreamHack SC2 Masters 2022 Atlanta (Online)

VOD

Have the link to the VOD?

Description

Time

  • Played on: Sept. 30, 2022, 4:07 p.m.
  • Length: 33:15

All games in this series

Show
View Real Time Build Order
Export as new Build Order

SpeCial Terran - Winner!

Build Orders: Gas First Reaper Expand 

Get SALT Encoding   

  12  0:00  SCV  
  13  0:12  SCV  
  14  0:17  Supply Depot  
  14  0:25  SCV  
  15  0:28  Refinery  
  15  0:38  SCV  
  16  0:44  Barracks  
  16  0:51  SCV  
  17  1:03  SCV  
  18  1:15  SCV  
  19  1:31  Reaper  
  19  1:32  Orbital Command  
  20  1:48  Command Center  
  20  1:54  Factory  
  20  1:58  SCV  
  21  2:03  Marine  
  21  2:05  Supply Depot  
  22  2:10  SCV  
  23  2:16  Refinery  
  23  2:22  Barracks Tech Lab  
  23  2:27  SCV  
  24  2:37  Hellion  
  24  2:38  Starport  
  24  2:39  SCV  
  29  2:44  Marauder  
  29  2:51  SCV  
  30  3:00  Hellion  
  30  3:01  Orbital Command  
  34  3:05  Marauder  
  34  3:07  SCV  
  35  3:15  Medivac  
  35  3:16  Concussive Shells  
  35  3:18  Orbital Command  
  38  3:20  SCV  
  38  3:23  Hellion  
  40  3:28  Marauder  
  40  3:32  Supply Depot  
  42  3:36  SCV  
  43  3:44  SCV  
  44  3:49  SCV, Factory Tech Lab  
  45  3:56  SCV  
  45  4:01  SCV  
  47  4:04  Refinery  
  47  4:07  Banshee  
  47  4:08  Barracks Reactor, SCV  
  51  4:12  Cyclone  
  54  4:17  SCV  
  54  4:21  SCV  
  49  4:29  SCV  
  48  4:33  SCV  
  49  4:39  Supply Depot  
  49  4:41  SCV  
  50  4:45  SCV  
  50  4:46  Command Center  
  50  4:48  Marine  
  50  4:49  Raven  
  54  4:55  SCV  
  54  5:00  SCV, Marine  
  54  5:03  Siege Tank  
  54  5:06  Marine  
  60  5:07  SCV  
  60  5:12  SCV  
  62  5:23  Supply Depot  
  62  5:24  SCV x2, Marine x2  
  66  5:34  Raven  
  68  5:36  SCV  
  68  5:37  SCV  
  68  5:41  Barracks  
  70  5:44  Marine x2  
  70  5:45  Supply Depot, Refinery, Siege Tank  
  70  5:48  SCV  
  70  5:49  SCV  
  77  5:55  Barracks  
  77  6:00  SCV  
  77  6:02  Marine x2  
  80  6:04  SCV x2  
  82  6:13  SCV  
  82  6:14  Engineering Bay  
  82  6:16  Engineering Bay  
  82  6:17  Siege Tank  
  86  6:21  SCV  
  88  6:26  Orbital Command  
  88  6:31  Barracks Reactor  
  88  6:32  Supply Depot  
  87  6:33  SCV x2  
  87  6:35  Marine  
  87  6:36  Viking x2  
  94  6:43  Stimpack  
  94  6:44  Barracks Reactor  
  94  6:46  Orbital Command  
  94  6:48  SCV x2  
  94  6:50  Siege Tank  
  94  6:53  Marine  
  100  7:00  Supply Depot, SCV x2  
  102  7:11  Marine  
  102  7:12  Terran Infantry Armor Level 1, Terran Infantry Weapons Level 1  
  102  7:13  SCV x2  
  102  7:14  SCV  
  106  7:21  Viking  
  108  7:23  Viking  
  108  7:26  Marine x4  
  108  7:29  Marine  
  115  7:32  SCV  
  115  7:34  SCV  
  117  7:38  SCV  
  117  7:43  Supply Depot  
  117  7:44  Marine x2  
  115  7:48  Barracks  
  115  7:50  Refinery, Barracks  
  117  7:56  SCV, Sensor Tower, Refinery  
  117  8:14  SCV, Marine  
  117  8:15  Marine  
  117  8:16  SCV  
  117  8:20  Supply Depot  
  117  8:22  Supply Depot, Combat Shield  
  117  8:25  SCV, Marine  
  117  8:28  Marine  
  117  8:29  SCV x2, Marine  
  117  8:36  Armory  
  117  8:38  Barracks Reactor  
  117  8:40  Supply Depot, Barracks Reactor, Medivac x2, Marine x2, SCV  
  117  8:41  SCV  
  125  8:42  SCV, Siege Tank  
  125  8:43  Marine  
  125  8:46  Marine  
  125  8:47  Marine  
  132  8:56  SCV x2  
  132  8:57  SCV  
  132  8:58  Marine x2  
  132  8:59  Supply Depot  
  132  9:00  Marine  
  138  9:03  Marine  
  138  9:05  Marine  
  136  9:11  Medivac  
  136  9:12  Medivac  
  136  9:14  Siege Tank  
  136  9:16  SCV x2, Marine x2  
  147  9:18  Marine x2  
  147  9:20  Factory  
  147  9:21  Marine  
  147  9:22  Marine  
  147  9:24  Marine x3  
  148  9:33  Marine x2  
  148  9:36  Marine x2  
  152  9:39  Marine  
  152  9:40  Marine  
  152  9:41  Medivac  
  152  9:42  Command Center, Marine  
  157  9:46  Terran Infantry Weapons Level 2  
  157  9:50  Marine x2  
  157  9:52  Terran Infantry Armor Level 2  
  157  9:57  Supply Depot  
  157  9:58  Supply Depot  
  157  10:05  Marine  
  157  10:07  Marine  
  157  10:08  Marine x3  
  157  10:09  Marine  
  157  10:10  Medivac  
  157  10:11  Medivac, Siege Tank  
  157  10:17  Marine  
  157  10:18  SCV x2, Marine  
  157  10:19  SCV  
  159  10:23  Marine  
  159  10:25  Marine  
  159  10:26  Marine x2  
  160  10:30  SCV  
  160  10:31  SCV, Marine x2  
  160  10:32  Sensor Tower  
  160  10:35  Marine  
  164  10:36  Marine  
  164  10:42  Siege Tank  
  169  10:43  Viking x2  
  169  10:45  Marine x3  
  171  10:50  Supply Depot  
  171  10:52  Supply Depot, Terran Vehicle Weapons Level 1  
  171  10:53  Siege Tank  
  174  11:03  Starport  
  174  11:05  Planetary Fortress, Starport  
  174  11:06  Refinery  
  174  11:07  Refinery  
  174  11:08  SCV x2  
  174  11:10  Barracks Reactor  
  176  11:12  Marine  
  176  11:13  Marine x7  
  184  11:28  Viking  
  184  11:30  Marine  
  184  11:31  Viking  
  189  11:35  Command Center  
  189  11:39  Siege Tank  
  191  11:42  Siege Tank  
  196  11:55  Starport Tech Lab  
  196  11:56  Starport Tech Lab  
  196  12:00  Marine x8  
  192  12:10  Terran Infantry Weapons Level 3, Terran Infantry Armor Level 3  
  192  12:17  Siege Tank x2  
  192  12:18  Marine  
  192  12:21  Raven  
  200  12:25  Corvid Reactor, Raven  
  200  12:27  Marine  
  193  12:31  Marine  
  193  12:32  Marine x5  
  197  12:38  Command Center  
  197  12:45  Viking  
  199  12:53  Marine  
  198  12:59  Terran Vehicle Weapons Level 2  
  198  13:05  Viking  
  199  13:12  Sensor Tower  
  193  13:15  Missile Turret, Medivac  
  195  13:20  Planetary Fortress  
  195  13:23  Missile Turret  
  195  13:25  Raven x2, Starport  
  195  13:26  Supply Depot  
  198  13:27  Armory, Starport  
  198  13:35  Medivac  
  198  13:38  Missile Turret  
  200  14:00  Siege Tank  
  200  14:02  Supply Depot, Command Center, Marine  
  182  14:03  Marine  
  182  14:04  Siege Tank  
  182  14:05  Marine x2  
  182  14:06  Marine  
  182  14:07  Marine x4  
  182  14:08  Viking x2  
  182  14:09  Starport Tech Lab  
  177  14:10  Marine, Starport Reactor  
  177  14:16  Raven  
  180  14:18  Missile Turret  
  180  14:19  Raven  
  180  14:20  Marine x2  
  180  14:23  Marine x2  
  180  14:24  Marine x3  
  189  14:34  Terran Ship Weapons Level 1  
  189  14:37  Marine x3  
  192  14:38  Marine x2  
  192  14:40  Marine  
  192  14:41  Viking  
  197  14:48  Viking  
  199  15:00  Sensor Tower  
  199  15:14  Viking x3  
  193  15:16  Terran Vehicle And Ship Armor Level 1  
  193  15:19  Sensor Tower  
  195  15:23  Siege Tank  
  195  15:27  Missile Turret  
  198  15:30  Missile Turret  
  198  15:32  Missile Turret  
  198  15:33  Viking  
  200  15:38  Planetary Fortress  
  187  15:58  Viking x3, Raven x2  
  197  16:05  Siege Tank  
  200  16:14  Fusion Core, Starport  
  200  16:15  Starport  
  200  16:16  Starport  
  200  16:17  Neosteel Armor  
  200  16:20  Refinery  
  200  16:21  Refinery  
  200  16:22  Refinery x2  
  200  16:23  Missile Turret  
  200  16:31  Terran Ship Weapons Level 2  
  200  16:42  Viking  
  200  16:46  Marine  
  194  16:56  Viking x2, Marine x2  
  194  16:58  Marine x2  
  194  16:59  Marine x2  
  183  17:01  Viking x2  
  183  17:04  Siege Tank x2  
  183  17:06  Marine x3  
  195  17:13  Viking x3  
  199  17:19  Viking  
  199  17:24  Marine  
  199  17:25  Command Center  
  199  17:28  Command Center  
  199  17:29  Command Center  
  200  17:35  Terran Vehicle And Ship Armor Level 2  
  196  17:47  Viking x3  
  196  17:48  Viking  
  196  17:51  Marine x8  
  182  17:52  Marine  
  182  17:54  Viking x3, Marine  
  196  18:01  Viking  
  196  18:04  Raven  
  200  18:20  Weapon Refit  
  200  18:40  Missile Turret, Orbital Command x2  
  200  18:41  Orbital Command  
  200  18:42  Starport Tech Lab x3  
  200  18:45  Missile Turret  
  200  18:55  Sensor Tower  
  200  18:59  Missile Turret  
  200  19:02  Viking x3, Raven  
  179  19:03  Raven, Marine  
  179  19:04  Marine  
  179  19:05  Marine x2  
  179  19:06  Marine x2  
  179  19:07  Marine  
  179  19:08  Marine  
  173  19:10  Terran Ship Weapons Level 3  
  173  19:11  Marine x2  
  173  19:13  Viking x2  
  171  19:21  Marine x2  
  171  19:22  Smart Servos, Marine  
  171  19:24  Marine  
  165  19:26  Marine  
  165  19:29  Marine  
  166  19:34  Marine x3  
  169  19:39  Viking x2  
  169  19:40  Viking x2  
  169  19:42  Raven  
  169  19:44  Marine  
  180  19:47  Viking, Raven  
  180  19:49  Marine x2  
  180  19:51  Marine  
  187  19:54  Marine x2  
  187  19:56  Raven  
  191  20:01  Raven x2  
  191  20:06  Marine x2  
  197  20:09  Marine x3  
  197  20:16  Marine  
  197  20:18  Viking  
  187  20:21  Siege Tank, Marine  
  187  20:22  Marine  
  187  20:25  Raven, Marine x2  
  187  20:27  Terran Vehicle And Ship Armor Level 3  
  193  20:32  Marine  
  193  20:33  Marine  
  195  20:38  Siege Tank  
  198  20:56  Raven  
  194  21:08  Viking x3  
  194  21:10  Siege Tank  
  174  21:11  Viking x2  
  174  21:12  Marine x2  
  174  21:14  Marine  
  174  21:15  Marine  
  174  21:18  Viking x4  
  181  21:20  Siege Tank  
  181  21:23  Marine  
  181  21:25  Marine x2  
  189  21:33  Marine x2  
  189  21:38  Viking x3  
  189  21:39  Viking  
  197  21:41  Viking x2  
  197  21:43  Marine  
  200  21:53  Siege Tank, Raven  
  200  22:08  Siege Tank, Marine  
  186  22:14  Marine  
  186  22:15  Marine x2  
  170  22:18  Viking x2  
  170  22:19  Raven x2  
  170  22:20  Marine x2  
  170  22:21  Marine x2  
  170  22:22  Marine x2  
  166  22:25  Siege Tank  
  166  22:26  Marine  
  165  22:31  Marine  
  165  22:32  Marine  
  165  22:33  Marine  
  165  22:35  Viking x2  
  168  22:37  Marine  
  168  22:38  Marine  
  168  22:39  Marine x3  
  168  22:40  Siege Tank, Marine  
  177  22:44  Marine  
  177  22:49  Viking x3, Marine  
  177  22:50  Marine x2  
  187  22:52  Raven  
  187  22:55  Marine x2  
  187  22:57  Marine x4  
  195  23:02  Marine  
  194  23:07  Marine  
  194  23:08  Marine x2  
  195  23:13  Marine x2  
  195  23:15  Marine x3  
  200  23:31  Sensor Tower  
  200  23:37  Command Center  
  200  23:39  Command Center  
  197  23:45  Sensor Tower  
  189  23:56  Missile Turret  
  189  23:59  Missile Turret  
  189  24:06  Battlecruiser  
  189  24:09  Marine  
  195  24:20  Siege Tank, Marine x2  
  193  24:34  Raven x3  
  193  24:35  Viking x2  
  193  24:36  Marine x3  
  193  24:37  Marine x2  
  193  24:38  Siege Tank  
  169  24:39  Marine  
  169  24:41  Marine  
  169  24:42  Marine  
  155  24:51  Marine x2  
  154  24:54  Marine x2  
  156  25:02  Raven  
  157  25:09  Battlecruiser  
  163  25:18  Orbital Command x2  
  163  25:27  Marine  
  164  25:28  Marine  
  164  25:29  Marine  
  164  25:35  Viking x4  
  174  25:44  Banshee  
  174  25:46  Viking  
  177  25:55  Viking  
  167  25:59  Marine  
  167  26:00  Marine x5  
  167  26:01  Marine  
  167  26:02  Marine x3  
  175  26:10  Banshee  
  178  26:12  Medivac  
  178  26:17  Marine x2  
  178  26:18  Marine x4  
  185  26:19  Marine x4  
  176  26:35  Marine x4  
  176  26:36  Marine x2  
  176  26:37  Marine x4  
  185  26:53  Marine x5  
  185  26:54  Marine  
  191  26:55  Marine x4  
  191  26:59  Medivac x2  
  196  27:08  Raven  
  196  27:11  Marine x5  
  196  27:32  Viking x2  
  194  27:37  Viking x2  
  194  27:38  Viking  
  200  28:21  Viking  
  177  28:28  Raven x2  
  177  28:29  Viking  
  177  28:31  Viking  
  178  28:44  Viking  
  178  28:47  Viking  
  158  29:07  Viking x2  
  144  29:18  Viking  
  142  29:24  Viking  
  144  29:33  Viking  
  146  29:49  Raven  
  98  30:14  Liberator  
  101  30:23  Liberator  
  104  30:39  Viking  
  106  30:53  Raven  
  84  31:44  Raven  
  84  32:23  Marine x6  
Show
View Real Time Build Order
Export as new Build Order

Kelazhur Terran 

Build Orders:  

Get SALT Encoding   

  12  0:00  SCV  
  13  0:12  SCV  
  14  0:17  Supply Depot  
  14  0:24  SCV  
  15  0:38  SCV  
  15  0:39  Barracks  
  16  0:43  Refinery  
  16  0:50  SCV  
  16  0:53  Refinery  
  17  1:03  SCV  
  18  1:15  SCV  
  19  1:26  Reaper  
  19  1:27  Orbital Command  
  19  1:30  Supply Depot  
  20  1:41  Factory  
  20  1:53  SCV  
  21  1:58  Reaper  
  22  2:05  SCV  
  23  2:17  SCV  
  24  2:25  Hellion  
  24  2:29  SCV  
  27  2:30  Reaper  
  27  2:35  Command Center  
  28  2:40  Supply Depot  
  28  2:43  SCV  
  29  2:49  Hellion  
  31  2:59  Starport  
  31  3:02  Barracks Reactor, SCV  
  32  3:10  Factory Tech Lab  
  32  3:14  SCV  
  33  3:26  SCV, Refinery  
  37  3:37  Siege Tank  
  39  3:44  Supply Depot  
  39  3:46  SCV, Marine x2  
  39  3:47  Viking  
  42  3:53  Orbital Command  
  42  4:04  Marine x2  
  42  4:08  SCV  
  42  4:09  Siege Tank  
  48  4:19  SCV  
  48  4:20  SCV  
  48  4:22  Marine x2  
  44  4:29  Starport Tech Lab  
  44  4:32  SCV x2  
  46  4:39  Marine x2  
  46  4:42  Siege Tank  
  46  4:44  SCV x2  
  53  4:48  Raven  
  55  4:56  SCV x2  
  55  4:59  Supply Depot  
  57  5:08  SCV x2  
  57  5:12  Command Center  
  59  5:16  Marine x2  
  59  5:20  SCV  
  62  5:23  SCV  
  62  5:26  Supply Depot  
  62  5:28  Siege Tank  
  66  5:31  Raven  
  66  5:32  SCV  
  66  5:35  Supply Depot  
  69  5:38  SCV  
  70  5:47  SCV, Marine x2  
  70  5:48  Refinery  
  72  5:50  SCV  
  72  5:59  SCV  
  72  6:00  Siege Tank  
  72  6:02  Supply Depot, SCV  
  73  6:11  SCV  
  73  6:14  SCV  
  75  6:23  SCV  
  75  6:25  Engineering Bay  
  76  6:26  SCV  
  76  6:30  Viking x2, Orbital Command  
  76  6:31  Stimpack, Marine  
  82  6:35  Supply Depot  
  82  6:36  SCV  
  82  6:38  SCV  
  84  6:44  Siege Tank  
  87  6:48  SCV, Barracks  
  87  6:50  Barracks, Orbital Command  
  87  6:53  SCV  
  87  6:54  Terran Infantry Weapons Level 1  
  88  7:00  Viking  
  90  7:01  Viking  
  90  7:06  SCV x2  
  94  7:10  Engineering Bay  
  94  7:16  SCV, Missile Turret  
  94  7:19  SCV  
  96  7:23  Marine  
  96  7:24  SCV  
  96  7:28  SCV  
  98  7:30  Viking  
  98  7:31  Viking, SCV  
  98  7:36  SCV  
  100  7:37  Barracks Reactor x2  
  100  7:40  SCV  
  100  7:43  SCV, Siege Tank  
  104  7:47  Marine  
  104  7:48  Terran Infantry Armor Level 1  
  104  7:50  Supply Depot  
  104  7:51  SCV  
  106  7:52  SCV  
  106  7:55  Armory  
  106  7:56  SCV  
  108  8:03  Viking x2  
  108  8:05  Marine  
  111  8:06  SCV x2  
  111  8:11  SCV  
  110  8:18  SCV x2  
  107  8:23  SCV, Marine  
  107  8:26  Command Center  
  108  8:28  Siege Tank  
  108  8:29  Combat Shield  
  108  8:30  SCV x2  
  113  8:35  SCV  
  113  8:38  Refinery  
  113  8:39  Refinery, Marine x4  
  113  8:41  Marine  
  119  8:42  SCV  
  119  8:45  SCV  
  119  8:48  SCV  
  122  8:52  Sensor Tower  
  122  8:55  Supply Depot, SCV  
  123  8:57  Terran Infantry Weapons Level 2, Marine x2  
  123  8:59  Marine  
  125  9:02  SCV  
  125  9:06  SCV  
  125  9:10  SCV  
  125  9:17  SCV, Siege Tank  
  125  9:19  SCV  
  125  9:20  Marine  
  125  9:22  SCV  
  130  9:24  Viking, Marine  
  130  9:28  Supply Depot  
  130  9:29  Supply Depot  
  133  9:36  Barracks x2  
  133  9:38  Terran Vehicle Weapons Level 1, SCV, Marine x3  
  137  9:40  Marine  
  137  9:41  Refinery  
  138  9:46  Supply Depot, Marine  
  138  9:49  Siege Tank  
  138  9:51  Missile Turret  
  140  9:55  SCV x3  
  140  9:59  Marine x2  
  138  10:08  Medivac  
  138  10:09  Marine x2  
  138  10:10  Marine  
  138  10:11  SCV  
  137  10:14  Medivac  
  137  10:16  Marine  
  137  10:17  Marine  
  137  10:18  SCV  
  143  10:21  Siege Tank  
  143  10:23  Planetary Fortress  
  143  10:25  SCV x2  
  143  10:27  Marine x2  
  149  10:30  Refinery, SCV  
  149  10:31  Marine  
  149  10:33  Barracks Reactor  
  151  10:37  SCV  
  151  10:39  SCV  
  151  10:41  Sensor Tower  
  153  10:43  Marine  
  153  10:45  Medivac  
  153  10:49  SCV  
  157  10:50  SCV  
  157  10:51  SCV  
  159  10:57  Siege Tank  
  159  11:00  SCV  
  159  11:01  SCV  
  159  11:02  SCV  
  165  11:04  Medivac, Marine  
  165  11:06  Marine x2  
  165  11:07  Barracks Reactor  
  165  11:08  SCV  
  171  11:12  SCV  
  171  11:14  Refinery  
  171  11:15  Refinery  
  171  11:17  Missile Turret  
  171  11:18  Supply Depot, Missile Turret x2  
  172  11:19  Supply Depot  
  172  11:20  Supply Depot  
  172  11:24  Missile Turret  
  172  11:28  Command Center  
  172  11:38  Terran Vehicle Weapons Level 2  
  172  11:39  Marine  
  172  11:40  Viking x2, SCV x3  
  172  11:41  Marine  
  172  11:43  Supply Depot  
  172  11:44  Supply Depot  
  172  11:45  Siege Tank  
  184  11:52  Marine x3  
  186  12:01  Factory  
  186  12:05  Barracks Reactor, Missile Turret  
  183  12:18  Siege Tank  
  168  12:23  Marine  
  168  12:26  Marine  
  168  12:27  Marine  
  168  12:28  Marine x3  
  163  12:33  Marine  
  164  12:40  Marine  
  160  12:48  Command Center x2  
  160  12:49  Siege Tank  
  160  12:50  SCV, Siege Tank  
  160  12:51  SCV x3, Starport  
  162  12:53  Starport  
  162  12:56  Marine  
  162  12:58  Viking x2  
  162  13:03  SCV x4  
  162  13:05  Command Center  
  155  13:15  SCV x4  
  157  13:21  Engineering Bay, Siege Tank, Marine  
  157  13:22  Engineering Bay, Hellion  
  163  13:27  SCV x4  
  167  13:35  Viking x2, Starport Tech Lab x2  
  167  13:39  SCV x2  
  167  13:40  SCV x2, Command Center  
  175  13:43  Siege Tank  
  175  13:47  Terran Infantry Weapons Level 3, Terran Infantry Armor Level 2  
  178  13:51  SCV  
  179  14:00  Siege Tank, Marine  
  160  14:04  Viking  
  160  14:05  Viking x2  
  160  14:07  Liberator  
  160  14:08  Missile Turret x2  
  154  14:12  Marine  
  154  14:15  Marine x8  
  163  14:17  Marine  
  163  14:18  Siege Tank  
  163  14:21  Terran Vehicle Weapons Level 3  
  167  14:32  Marine  
  167  14:35  Orbital Command  
  167  14:36  Orbital Command  
  167  14:37  Marine, Orbital Command  
  169  14:39  Marine  
  169  14:40  Marine  
  169  14:41  Siege Tank  
  169  14:42  SCV  
  169  14:44  Raven x2  
  169  14:45  Viking  
  181  14:46  Corvid Reactor  
  181  14:58  Siege Tank  
  184  15:13  Viking, Missile Turret  
  186  15:15  Missile Turret  
  186  15:16  Sensor Tower  
  186  15:18  Starport x2  
  186  15:19  Missile Turret  
  183  15:29  Planetary Fortress  
  183  15:31  Refinery  
  183  15:32  Liberator, Raven  
  183  15:35  Raven  
  190  15:44  Sensor Tower  
  190  15:45  Siege Tank x2  
  186  15:58  Refinery, Viking  
  186  16:00  Marine x4  
  180  16:15  Viking x2  
  180  16:16  Planetary Fortress  
  180  16:17  Siege Tank x2  
  180  16:18  Viking  
  192  16:21  Terran Infantry Armor Level 3  
  192  16:24  Refinery x2  
  192  16:37  Viking  
  192  16:46  Viking, Starport Reactor, Starport Tech Lab  
  188  16:49  Siege Tank x2, Marine x4  
  174  17:02  Raven, Marine  
  172  17:12  Terran Vehicle And Ship Armor Level 1  
  172  17:14  Armory  
  172  17:21  Siege Tank  
  175  17:26  Missile Turret x2  
  175  17:28  Siege Tank  
  178  17:34  Viking, Raven x2  
  184  17:38  Viking  
  184  17:42  Marine  
  187  17:50  Viking x2  
  167  17:52  Raven  
  167  17:54  Marine  
  167  17:55  Marine  
  169  17:59  Marine  
  169  18:00  Siege Tank, Marine  
  174  18:14  Hi-Sec Auto Tracking  
  174  18:16  Terran Ship Weapons Level 1  
  174  18:18  Marine x6  
  180  18:21  Viking x3  
  180  18:25  Missile Turret  
  186  18:36  Raven  
  186  18:40  Raven  
  190  18:58  Neosteel Armor  
  184  19:02  Siege Tank  
  184  19:04  Raven  
  184  19:09  Viking  
  148  19:12  Marine x8  
  148  19:13  Marine x2  
  142  19:18  Raven  
  142  19:20  Barracks  
  142  19:21  Siege Tank  
  142  19:22  Barracks  
  142  19:23  Barracks  
  135  19:26  Viking x3  
  135  19:29  Marine  
  135  19:30  Marine x7  
  146  19:36  Viking  
  146  19:37  Marine x2  
  150  19:39  Viking  
  151  19:47  Viking, Marine x4  
  151  19:48  Marine x4  
  160  19:53  Barracks x2  
  160  19:54  Siege Tank  
  160  19:55  Marine x2  
  160  19:56  Viking x3  
  160  19:59  Siege Tank  
  174  20:01  Viking  
  174  20:05  Marine x6  
  174  20:06  Viking, Marine x2  
  186  20:09  Viking, Marine  
  186  20:13  Marine x2  
  191  20:18  Viking  
  169  20:23  Marine x4  
  169  20:26  Viking x2, Marine x5  
  169  20:27  Siege Tank  
  183  20:30  Viking  
  183  20:31  Marine  
  186  20:42  Siege Tank  
  189  20:45  Viking  
  189  20:46  Viking  
  191  20:50  Marine  
  182  20:59  Siege Tank  
  182  21:00  Viking x2  
  189  21:07  Medivac, Marine x2  
  189  21:09  Marine x2  
  177  21:11  Medivac, Marine  
  177  21:12  Marine x2  
  177  21:14  Siege Tank  
  177  21:15  Viking  
  183  21:20  Marine x5  
  188  21:31  Siege Tank  
  185  21:41  Medivac x3  
  185  21:42  Medivac, Marine  
  185  21:43  Marine  
  185  21:46  Siege Tank  
  192  21:54  Marine  
  192  21:56  Marine x2  
  192  21:57  Marine  
  192  21:58  Marine x2  
  192  22:00  Marine  
  194  22:03  Siege Tank  
  178  22:15  Marine  
  147  22:17  Marine  
  147  22:18  Viking x2, Siege Tank  
  147  22:19  Marine  
  147  22:20  Marine  
  150  22:26  Viking  
  150  22:28  Marine x3  
  151  22:30  Marine  
  151  22:35  Siege Tank, Marine x5  
  154  22:39  Raven x2  
  158  22:50  Siege Tank  
  161  23:00  Viking x2  
  161  23:01  Viking x2  
  169  23:07  Siege Tank  
  169  23:09  Viking  
  170  23:22  Siege Tank, Marine  
  170  23:23  Marine  
  170  23:24  Marine  
  170  23:25  Marine  
  170  23:26  Viking x2  
  181  23:33  Viking  
  183  23:39  Siege Tank  
  186  23:45  Viking  
  188  23:52  Viking x2  
  186  24:01  Viking x3  
  190  24:06  Viking  
  178  24:18  Siege Tank  
  178  24:31  Raven  
  174  24:33  Siege Tank, Marine  
  174  24:35  Viking x3, Marine x4  
  174  24:37  Marine  
  152  24:44  Marine x2  
  152  24:45  Marine x3  
  140  24:50  Raven  
  142  24:58  Marine  
  143  25:00  Siege Tank  
  144  25:08  Viking x2  
  144  25:14  Viking  
  150  25:16  Marine  
  146  25:39  Viking x5  
  146  25:42  Raven  
  158  25:43  Marine x3  
  159  25:52  Siege Tank  
  159  25:56  Viking  
  146  26:09  Viking  
  146  26:11  Viking x2  
  152  26:13  Viking  
  156  26:21  Terran Vehicle And Ship Armor Level 2  
  153  26:56  Raven  
  153  26:57  Viking  
  153  26:59  Viking x3  
  153  27:00  Viking x2  
  163  27:01  Marine x4  
  159  27:27  Viking  
  159  27:28  Marine  
  159  27:29  Viking x3, Marine x4  
  149  27:42  Viking x2  
  153  27:48  Raven  
  155  28:03  Viking, Sensor Tower  
  155  28:04  Viking  
  128  28:27  Liberator  
  128  28:28  Viking x2  
  128  28:29  Marine  
  128  28:33  Marine  
  128  28:34  Marine x2  
  139  28:45  Siege Tank  
  142  28:54  Marine x3  
  145  28:57  Marine  
  136  29:09  Marine  
  113  29:10  Marine  
  113  29:12  Marine x4  
  113  29:13  Siege Tank  
  121  29:21  Siege Tank  
  124  29:45  Siege Tank  
  127  29:49  Viking x2  
  127  29:51  Marine  
  127  29:52  Marine x8  
  109  29:53  Marine  
  109  29:57  Marine x2  
  91  30:06  Viking x2  
  91  30:40  Viking x3  
  97  30:51  Viking  
  96  30:59  Raven  
  98  31:07  Raven  
  59  31:41  Marine  
  59  31:42  Marine x3  
Tags
 
Add a new tag
Caveats
  • Supply blocks, unpowered buildings, or Contaminate may cause inaccurate times.
  • Supply counts are checked every 10 seconds.